 Dungeon Crawl Stone Soup version 0.18-a0-1211-g828307d (webtiles) character file.

173 M4edhros the Sneak (level 5, 0/33 HPs)
             Began as an Octopode Artificer on Feb 3, 2016.
             Killed themself with a badly aimed fireball (16 damage)
             ... on level 2 of the Dungeon.
             The game lasted 00:00:30 (663 turns).

M4edhros the Sneak (Octopode Artificer)              Turns: 663, Time: 00:00:31

Health: 0/33       AC:  1    Str: 11    XL:     5   Next: 53%
Magic:  4/8        EV: 13    Int: 15    God:
Gold:   10         SH:  0    Dex: 12    Spells: 0 memorised, 4 levels left

rFire  . . .     SeeInvis .     a - +0 short sword
rCold  . . .     Gourm    .     (no shield)
rNeg   . . .     Faith    .     (helmet restricted)
rPois  .         Spirit   .     (no amulet)
rElec  .         Dismiss  .     (no ring)
rCorr  .         Reflect  .     (no ring)
SustAt .         Harm     .     (no ring)
MR     .....                    (no ring)
Stlth  ++++......               (no ring)
                                (no ring)
                                (no ring)
                                (no ring)

@: not resistant to hostile enchantments, stealthy
A: almost no armour, amphibious, 8 rings, constrict 8, camouflage 1, gelatinous
body 1
a: no special abilities


You were on level 2 of the Dungeon.
You were not hungry.

You visited 1 branch of the dungeon, and saw 2 of its levels.

You collected 10 gold pieces.

Inventory:

Hand Weapons
 a - a +0 short sword (weapon)
Missiles
 i - a stone (quivered)
Wands
 b - a wand of flame (15/48)
 c - a wand of enslavement (15/24)
 d - a wand of random effects (15/48)
Scrolls
 g - a scroll of enchant armour {unknown}
 h - a scroll of random uselessness {unknown}
 j - 2 scrolls of identify {unknown}
Potions
 e - 2 potions of lignification {unknown}
 k - a potion of cure mutation {unknown}
Comestibles
 f - 2 bread rations


   Skills:
 - Level 1.0 Fighting
 - Level 1.0 Short Blades
 * Level 3.9 Dodging
 * Level 4.7 Stealth
 + Level 4.1 Evocations


You had 4 spell levels left.
You didn't know any spells.

Dungeon Overview and Level Annotations

Branches:
Dungeon (2/15)

Altars:


Innate Abilities, Weirdness & Mutations

You cannot wear most types of armour.
You are amphibious.
You can wear up to eight rings at the same time.
You can use your tentacles to constrict eight enemies at once.
Your skin changes colour to match your surroundings (Stealth).
Your rubbery body absorbs attacks (AC +1).


Message History

Sigmund is moderately wounded.
You constrict Sigmund. Sigmund hits you with a scythe!
Evoke which item? (* to show all) (? for menu, Esc to quit)
Zapping:
d - a wand of random effects (15/48)
Press: ? - help, Shift-Dir - straight line, f - Sigmund
Aim: Sigmund, wielding a scythe, wearing a robe and carrying a wand of hasting {zapped: 1} (moderately wounded, constricted by you, fast)
The fireball explodes!
The fireball engulfs Sigmund.
You kill Sigmund!
Your Dodging skill increases to level 3!
Your Stealth skill gained 2 levels and is now at level 4!
Your Evocations skill increases to level 4!
You have reached level 3!
Your experience leads to an increase in your attributes!
Increase (S)trength, (I)ntelligence, or (D)exterity?
You feel clever.
You have reached level 4!
You have reached level 5!
You feel stronger. The fireball engulfs you!
You die...

........................
#......#######........
+......# #..........
#......# #..........
#......# #..........
#......# #...........
####+#.# #...........
#.#.# #.........# #.#@#
#.........#
......).#####.........#
.....##.#...'.........#
..... #?#.###.........#
..... #+#+###.........#
.. .........###'##### .
........[# #.# #
.........###'#####
.........#........


There were no monsters in sight!

Vanquished Creatures
  Sigmund (D:2)
  An adder (D:2)
  2 goblins (D:1)
  2 hobgoblins (D:1)
  A kobold (D:1)
  2 rats (D:1)
9 creatures vanquished.

Notes
Turn   | Place    | Note
--------------------------------------------------------------
     0 | D:1      | M4edhros the Octopode Artificer began the quest for the Orb.
     0 | D:1      | Reached XP level 1. HP: 13/13 MP: 3/3
   329 | D:1      | Reached XP level 2. HP: 5/18 MP: 4/4
   654 | D:2      | Noticed Sigmund
   663 | D:2      | Killed Sigmund
   663 | D:2      | Reached skill level 4 in Stealth
   663 | D:2      | Reached XP level 3. HP: 12/23 MP: 4/6
   663 | D:2      | Reached XP level 4. HP: 14/28 MP: 4/7
   663 | D:2      | Reached XP level 5. HP: 16/33 MP: 4/8
   663 | D:2      | Killed themself with a badly aimed fireball

Vault maps used:
D:1:      dpeg_arrival_chambers_temple_mockup
D:2:      first_bread, uniq_sigmund

Action                   |  1- 3 |  4- 6 || total
-------------------------+-------+-------++-------
Melee: Short sword       |    25 |       ||    25
 Stab: Sleeping          |     2 |       ||     2
